 Dungeon Crawl Stone Soup version 0.31-a0-823-ga682863bf0 (webtiles) character file.

Game seed: 8138108376949725848

1926 qw the Skirmisher (level 9, -1/60 HPs)
             Began as a Gargoyle Hunter on Sept 23, 2023.
             Engulfed by a steam dragon's steam (7 damage)
             ... on level 6 of the Dungeon.
             The game lasted 00:01:54 (4363 turns).

qw the Skirmisher (Gargoyle Hunter)                 Turns: 4363, Time: 00:01:54

Health: -1/60      AC:  9    Str: 21    XL:     9   Next: 17%
Magic:  9/9        EV: 12    Int:  8    God:
Gold:   252        SH:  0    Dex: 17    Spells: 8/8 levels left

rFire   . . .        Y - +3 shortbow
rCold   . . .        (shield currently unavailable)
rNeg    + + +        b - +0 robe "Lunuppu" {rN+++ Regen+ Int-2}
rPois   inf          j - +0 helmet
rElec   +            (no cloak)
rCorr   .            (no gloves)
SInv    .            (no boots)
Will    .....        f - amulet of regeneration
Stlth   ++           a - +6 ring of strength
HPRegen 1.90/turn    (no ring)
MPRegen 0.11/turn

%: no passive effects
@: about to teleport
A: sickness immunity, AC +6, negative energy resistance 1, electricity
resistance, torment resistance 1, petrification resistance
a: no special abilities


You were on level 6 of the Dungeon.
You visited 1 branch of the dungeon, and saw 6 of its levels.

You collected 252 gold pieces.


Innate Abilities, Weirdness & Mutations

You are immune to sickness and miasma.
Your stone body is resilient. (AC +6)
You are immune to poison.
You resist negative energy. (rN+)
You are resistant to electric shocks. (rElec)
You are resistant to unholy torment.
You are immune to petrification.


   Skills:
 - Level 8.5 Fighting
 + Level 9.6 Ranged Weapons
 - Level 1.0 Armour
 - Level 2.0 Dodging
 - Level 1.1 Stealth


You had 8 spell levels left.
You didn't know any spells.
Your spell library was empty.

Inventory:

Hand Weapons
 Y - a +3 shortbow (weapon)
Armour
 b - the +0 robe "Lunuppu" (worn) {rN+++ Regen+ Int-2}
   (You found it on level 3 of the Dungeon)

   Int-2:     It affects your intelligence (-2).
   rN+++:     It renders you almost immune to negative energy.
   Regen+:    It increases your rate of health regeneration.
 j - a +0 helmet (worn)
Jewellery
 a - a +6 ring of strength (left hand)
 f - an amulet of regeneration (around neck)
 m - a ring of positive energy
Scrolls
 g - a scroll of identify
 i - 3 scrolls of teleportation
Potions
 c - a potion of mutation
 d - 2 potions of enlightenment
 e - 2 potions of cancellation
 k - a potion of haste {unknown}
 n - a potion of curing {unknown}

Dungeon Overview and Level Annotations

Branches:
Dungeon (6/15)
 Temple: D:4-7

Altars:
Gozag
Qazlal


Message History

You shoot an arrow. The arrow barely misses the black bear.
The arrow closely misses the steam dragon.
You are engulfed in a cloud of scalding steam.
The black bear is engulfed in a cloud of scalding steam.
The black bear bites you.
The black bear claws you but does no damage. x2
You shoot an arrow. The arrow hits the black bear!
You kill the black bear!
You are engulfed in a cloud of scalding steam.
You shoot an arrow. The arrow closely misses the adder.
The arrow barely misses the steam dragon.
You are engulfed in a cloud of scalding steam.
The adder is engulfed in a cloud of scalding steam.
The adder closely misses you.
You shoot an arrow. The arrow hits the adder.
The adder is severely wounded.
You are engulfed in a cloud of scalding steam.
The adder bites you but does no damage.
You shoot an arrow. The arrow misses the adder.
The arrow hits the steam dragon.
The steam dragon is lightly wounded.
The adder is engulfed in a cloud of scalding steam.
The adder bites you but does no damage.
The adder is engulfed in a cloud of scalding steam.
The adder dies!
You shoot an arrow.
The arrow barely misses the steam dragon.
The steam dragon breathes steam at you. The ball of steam hits you!
4361 ||| READING 4 scrolls of teleportation.
As you read the scroll of teleportation, it crumbles to dust.
You feel strangely unstable.
You are engulfed in a cloud of scalding steam.
You shoot an arrow.
The arrow barely misses the steam dragon.
You are engulfed in a cloud of scalding steam.
The steam dragon closely misses you. The steam dragon misses you.
You shoot an arrow. The arrow hits the steam dragon.
The steam dragon is moderately wounded.
You are engulfed in a cloud of scalding steam.
You die...

#######......#
###.....#
#.....#######
#..###........
#.# #.#######
#. #¤# # #.#
#¤# #@#
...####D####...
.......¤..S..>.
..#?...###..##.
#.... ## #....
#.... #....
#....


You could see a steam dragon.

Vanquished Creatures
  A two-headed ogre (D:6)
  Grinder (D:5)
  A steam dragon (D:6)
  A black bear (D:6)
  A bullfrog (D:4)
  A scorpion (D:5)
  3 hounds
  3 jellies
  4 orc priests
  A sleepcap (D:5)
  2 iguanas
  9 orc wizards
  Robin (D:3)
  3 gnolls (D:5)
  6 adders
  A white imp (D:6)
  2 ufetubi
  4 dart slugs
  18 orcs
  3 bats (D:2)
  5 endoplasms
  2 giant cockroaches (D:1)
  16 goblins
  8 hobgoblins
  4 quokkas
  7 ball pythons
  A frilled lizard (D:3)
  7 kobolds
  3 rats
119 creatures vanquished.

Vanquished Creatures (others)
  An adder (D:6)
1 creature vanquished.

Grand Total: 120 creatures vanquished

Notes
Turn   | Place    | Note
-------+----------+-------------------------------------------
     0 | D:1      | qw the Gargoyle Hunter began the quest for the Orb.
     0 | D:1      | Reached XP level 1. HP: 12/12 MP: 1/1
     0 | D:1      | 0 ||| qw: Version: 0.3-a-83-gcd0e7d8
     0 | D:1      | 0 ||| qw: Game counter: 1772
     0 | D:1      | 0 ||| qw: Melee chars always use a shield: true
     0 | D:1      | 0 ||| qw: God list: Okawaru
     0 | D:1      | 0 ||| qw: Allow faded altars: false
     0 | D:1      | 0 ||| qw: Do Orc after clearing Dungeon:15 true
     0 | D:1      | 0 ||| qw: Do second Lair branch before Depths: true
     0 | D:1      | 0 ||| qw: Lair rune preference: random
     0 | D:1      | 0 ||| qw: Goals: Normal
     0 | D:1      | 0 ||| PLANNING D:1-11
   323 | D:1      | Reached XP level 2. HP: 17/17 MP: 2/2
   756 | D:1      | 756 ||| UPGRADING to amulet of regeneration.
   761 | D:1      | 761 ||| DROPPING ring of wizardry.
   762 | D:1      | 762 ||| READING 2 scrolls labelled ZOES RUNOUSE.
   863 | D:1      | 863 ||| READING scroll labelled JEUREE LIACWE.
   866 | D:1      | 866 ||| READING scroll labelled QEMOPL HAZXOVU.
   867 | D:1      | 867 ||| DRINKING 3 pink potions.
   868 | D:1      | 868 ||| DRINKING 2 red potions.
   869 | D:1      | 869 ||| DROPPING scroll of silence.
   870 | D:1      | 870 ||| DROPPING scroll of butterflies.
   871 | D:1      | 871 ||| DROPPING potion of degeneration.
  1037 | D:2      | Reached skill level 5 in Ranged Weapons
  1037 | D:2      | Reached XP level 3. HP: 18/21 MP: 3/3
  1091 | D:2      | Found the +8 orange crystal plate armour {Archmagi, Int+3
                  | Clar}
  1387 | D:2      | Reached skill level 3 in Fighting
  1787 | D:2      | 1787 ||| UPGRADING to +6 ring of strength.
  1788 | D:2      | 1788 ||| READING scroll labelled EMIELE EDDURENT.
  1789 | D:2      | 1789 ||| READING scroll labelled TULOXY BOTIOPE.
  1790 | D:2      | 1790 ||| READING 2 scrolls labelled EQOWKEP SO PAU.
  1791 | D:2      | 1791 ||| READING scroll labelled MEME ZIOJACOL.
  1877 | D:3      | Reached XP level 4. HP: 28/28 MP: 4/4
  1964 | D:3      | Identified the +0 robe "Lunuppu" {rN+++ Regen+ Int-2}
  2119 | D:3      | Noticed Robin
  2127 | D:3      | Killed Robin
  2148 | D:3      | 2148 ||| FLEEEEING.
  2149 | D:3      | 2149 ||| FLEEEEING.
  2150 | D:3      | 2150 ||| FLEEEEING.
  2151 | D:3      | 2151 ||| FLEEEEING.
  2152 | D:3      | 2152 ||| FLEEEEING.
  2153 | D:3      | 2153 ||| FLEEEEING.
  2155 | D:3      | 2155 ||| FLEEEEING.
  2156 | D:3      | 2156 ||| FLEEEEING.
  2157 | D:3      | 2157 ||| FLEEEEING.
  2158 | D:3      | 2158 ||| FLEEEEING.
  2160 | D:3      | 2160 ||| FLEEEEING.
  2204 | D:3      | Found a stormy altar of Qazlal.
  2207 | D:3      | Noticed a water elemental
  2208 | D:3      | Noticed an earth elemental
  2208 | D:3      | Noticed a fire elemental
  2208 | D:3      | Noticed an air elemental
  2276 | D:3      | 2276 ||| RETREEAATING.
  2278 | D:3      | 2278 ||| RETREEAATING.
  2292 | D:3      | Reached XP level 5. HP: 32/32 MP: 5/5
  2301 | D:3      | Reached skill level 6 in Ranged Weapons
  2710 | D:3      | 2710 ||| UPGRADING to +0 robe "Lunuppu" {rN+++ Regen+
                  | Int-2}.
  2720 | D:3      | 2720 ||| DROPPING +0 leather armour.
  2721 | D:3      | 2721 ||| UPGRADING to +0 helmet.
  2726 | D:3      | 2726 ||| READING scroll labelled NUUMMEASKU.
  2727 | D:3      | 2727 ||| READING scroll labelled ETHUHAWEOL.
  2728 | D:3      | 2728 ||| READING 2 scrolls of identify.
  2728 | D:3      | 2728 ||| IDENTIFYING green potion
  2771 | D:4      | HP: 1/33 [orc priest/divine providence (11)]
  2772 | D:4      | 2772 ||| READING 2 scrolls of teleportation.
  2773 | D:4      | 2773 ||| DRINKING potion of heal wounds.
  2777 | D:4      | Reached XP level 6. HP: 35/38 MP: 6/6
  2912 | D:4      | Reached skill level 7 in Ranged Weapons
  3063 | D:4      | Reached XP level 7. HP: 43/43 MP: 7/7
  3160 | D:4      | Found an opulent altar of Gozag.
  3171 | D:4      | 3171 ||| READING scroll of enchant weapon.
  3171 | D:4      | 3171 ||| ENCHANTING +1 shortbow.
  3389 | D:4      | 3389 ||| READING scroll labelled WALEXK REOJIPA.
  3390 | D:4      | 3390 ||| DRINKING 3 amethyst potions.
  3391 | D:4      | 3391 ||| READING 2 scrolls of identify.
  3391 | D:4      | 3391 ||| IDENTIFYING white potion
  3431 | D:5      | Entered Level 5 of the Dungeon
  3432 | D:5      | 3432 ||| RETREEAATING.
  3433 | D:5      | 3433 ||| STILL RETREEAATING.
  3520 | D:5      | 3520 ||| RETREEAATING.
  3525 | D:5      | 3525 ||| Stepping ~*~*~tactically~*~*~ (retreating).
  3534 | D:5      | Reached skill level 8 in Ranged Weapons
  3550 | D:5      | 3550 ||| READING scroll of enchant weapon.
  3550 | D:5      | 3550 ||| ENCHANTING +2 shortbow.
  3659 | D:5      | Reached skill level 1 in Armour
  3724 | D:5      | Noticed Grinder
  3726 | D:5      | Paralysed by Grinder for 4 turns
  3743 | D:5      | Killed Grinder
  3744 | D:5      | Reached skill level 9 in Ranged Weapons
  3744 | D:5      | Reached XP level 8. HP: 45/49 MP: 8/8
  4112 | D:5      | 4112 ||| READING scroll labelled CIACKE IZACH.
  4229 | D:6      | Noticed a two-headed ogre
  4232 | D:6      | 4232 ||| Stepping ~*~*~tactically~*~*~ (retreating).
  4235 | D:6      | HP: 8/51 [two-headed ogre/+0 giant spiked club (21)]
  4236 | D:6      | 4236 ||| READING 5 scrolls of teleportation.
  4237 | D:6      | 4237 ||| DRINKING potion of heal wounds.
  4242 | D:6      | Killed a two-headed ogre
  4243 | D:6      | Reached XP level 9. HP: 56/60 MP: 9/9
  4277 | D:6      | 4277 ||| Stepping ~*~*~tactically~*~*~ (cloud).
  4351 | D:6      | 4351 ||| RETREEAATING.
  4352 | D:6      | 4352 ||| STILL RETREEAATING.
  4360 | D:6      | HP: 12/60 [steam dragon/ball of steam (14)]
  4361 | D:6      | 4361 ||| READING 4 scrolls of teleportation.
  4361 | D:6      | HP: 2/60 [steam dragon] (10)]
  4363 | D:6      | Engulfed by a steam dragon's steam

Levels and vault maps discovered:
D:1:      co_arrival_random_square_maze, layout_loops_ring,
          minmay_strange_pillars, st_stairs_11, minmay_tetromino_o4
D:2:      layout_basic, minmay_split_cup_large
D:3:      layout_basic, nicolae_qazlal_style_of_elements, uniq_robin
D:4:      layout_basic, mainiacjoe_overflow_tiny_flanked
D:5:      layout_loops_ring, uniq_grinder
D:6:      layout_rooms, kennysheep_okawaru_gauntlet, grunt_decor_one_mirror,
          lightli_corner_chamber

Skill      XL: |  1  2  3  4  5  6  7  8 |
---------------+-------------------------+-----
Ranged Weapons | 5 6 7 9 |  9.6
Fighting       | 3 4 5 8 |  8.5
Dodging        | 2 |  2.0
Armour         | 1 |  1.0
Stealth        | |  1.1

Action                     |  1- 3 |  4- 6 |  7- 9 || total
---------------------------+-------+-------+-------++-------
   Fire: Shortbow          |   108 |   180 |   160 ||   448
    Use: Scroll            |     7 |     4 |     7 ||    18
         Potion            |     2 |     1 |     2 ||     5
 Armour: Leather armour    |    38 |    51 |       ||    89
         Robe              |       |    27 |    74 ||   101
  Dodge: Dodged            |    30 |    68 |    46 ||   144

Table legend:
 A = Non-vault XP
 B = Vault XP
 C = Vault XP percentage of total XP
 D = Non-vault monster count
 E = Vault monster count
 F = Vault count percentage of total count
                 A         B        C        D         E       F
            +---------+---------+-------+---------+---------+-------
      Total |    2412 |     340 |  12.4 |      97 |      23 |  19.2
            +---------+---------+-------+---------+---------+-------
        D:1 |      13 |      12 |  48.0 |       7 |       6 |  46.2
        D:2 |      44 |       6 |  12.0 |      13 |       4 |  23.5
        D:3 |     104 |      36 |  25.7 |      14 |      12 |  46.2
        D:4 |     416 |       0 |   0.0 |      26 |       0 |   0.0
        D:5 |     622 |     286 |  31.5 |      30 |       1 |   3.2
        D:6 |    1213 |       0 |   0.0 |       7 |       0 |   0.0
            +---------+---------+-------+---------+---------+-------
